Map: Ultralove

Players

Hushang

  • Race: Terran Terran
  • League: Gold
  • Spawn Location: 7:00

RantingLad - Winner!

  • Race: Terran Terran
  • League: Gold
  • Spawn Location: 1:00

VOD

Have the link to the VOD?

Description

Time

  • Played on: May 23, 2025, 5 p.m.
  • Length: 18:15
Show
View Real Time Build Order
Export as new Build Order

Hushang Terran 

Build Orders:  

Get SALT Encoding   

  12  0:00  SCV  
  13  0:12  SCV  
  14  0:17  Supply Depot  
  14  0:24  SCV  
  15  0:38  SCV  
  15  0:39  Barracks  
  16  0:45  Refinery  
  16  0:50  SCV  
  17  1:03  SCV  
  18  1:15  SCV  
  19  1:27  Orbital Command  
  19  1:34  Barracks Reactor  
  19  1:47  Command Center  
  19  1:58  Supply Depot  
  19  1:59  SCV  
  20  2:11  SCV  
  20  2:12  Marine x2  
  23  2:23  SCV  
  24  2:30  Marine x2  
  24  2:35  SCV  
  27  2:47  SCV  
  27  2:48  Marine x2, Barracks  
  27  2:49  Barracks  
  27  2:50  Refinery  
  30  2:59  SCV  
  30  3:04  Orbital Command  
  31  3:06  Marine x2  
  31  3:11  SCV  
  34  3:24  SCV, Marine x2  
  37  3:27  Supply Depot  
  37  3:31  Factory  
  37  3:32  SCV  
  38  3:37  SCV  
  38  3:39  Barracks Tech Lab x2  
  39  3:48  SCV  
  40  3:50  SCV, Supply Depot  
  40  3:52  Marine x2  
  43  4:00  Combat Shield, Stimpack  
  43  4:09  SCV x2  
  45  4:11  Supply Depot  
  45  4:16  Marauder x2  
  49  4:19  Marine x2  
  49  4:23  Starport  
  51  4:25  Factory Reactor  
  51  4:33  SCV x2  
  51  4:36  Supply Depot  
  53  4:44  Marauder x2  
  53  4:45  SCV x2  
  59  4:47  Marine  
  59  4:48  Marine  
  61  4:57  SCV  
  61  4:58  SCV  
  63  5:00  Supply Depot  
  63  5:05  Marine x4  
  67  5:19  Medivac  
  67  5:20  Medivac  
  71  5:23  Marauder x2  
  71  5:24  Marine x2  
  72  5:42  Marine x2  
  71  5:47  SCV x2  
  73  5:51  Supply Depot  
  73  5:59  SCV x2  
  75  6:05  Marauder x2, Marine x2  
  75  6:08  Factory Tech Lab  
  75  6:09  Medivac x2  
  85  6:14  Supply Depot  
  86  6:23  Marine x2  
  86  6:26  Marauder x2  
  90  6:37  Supply Depot  
  90  6:40  Marine  
  90  6:41  Marine  
  90  6:44  Refinery  
  92  6:47  Marauder, Refinery  
  92  6:48  Marauder  
  96  6:59  Marine x2  
  101  7:01  Siege Tank  
  101  7:02  Medivac  
  103  7:09  Marauder x2  
  99  7:16  Marine x2  
  55  7:53  Marauder x2, Marine x2  
  55  7:55  Siege Tank  
  64  8:02  Medivac  
  66  8:11  Marine x2  
  68  8:14  Marauder x2  
  68  8:18  SCV x2  
  74  8:30  SCV x2  
  74  8:32  Marine x2  
  78  8:35  Marauder  
  78  8:36  Marauder  
  78  8:38  Supply Depot  
  78  8:39  Command Center  
  82  8:46  Engineering Bay  
  82  8:48  Engineering Bay, Armory  
  82  8:50  SCV x2, Marine x2  
  86  9:02  SCV x2, Marauder x2  
  91  9:03  Siege Tank  
  91  9:05  Medivac x2  
  91  9:08  Marine x2  
  101  9:12  Armory  
  101  9:17  Supply Depot  
  101  9:18  Concussive Shells  
  101  9:20  Infernal Pre-Igniter  
  101  9:23  Marauder x2  
  105  9:33  Barracks x2  
  105  9:34  Terran Infantry Weapons Level 1, Terran Infantry Armor Level 1  
  105  9:41  Supply Depot  
  105  9:55  Marauder x2, Marine  
  105  9:56  Marine  
  105  9:58  Siege Tank  
  114  10:04  Orbital Command  
  114  10:13  Marine x2  
  116  10:16  Marauder x2  
  120  10:26  Terran Vehicle And Ship Armor Level 1, Terran Vehicle Weapons Level 1  
  120  10:34  Refinery  
  119  10:39  Mag-Field Accelerator  
  114  10:57  Refinery  
  103  12:33  Command Center  
  103  12:47  Missile Turret x2  
  103  12:51  Missile Turret  
  103  12:54  Missile Turret  
  103  13:01  Missile Turret  
  103  13:03  Missile Turret  
  103  13:05  Missile Turret  
  103  13:07  Missile Turret  
  103  13:15  Missile Turret  
  103  13:17  Missile Turret  
  103  13:19  Missile Turret  
  103  13:28  Missile Turret  
  103  13:30  Sensor Tower  
  103  13:33  Sensor Tower  
  103  13:35  Marauder x2  
  103  13:37  Barracks Tech Lab  
  103  13:38  Barracks Tech Lab, Sensor Tower  
  103  13:39  Marine x2  
  109  13:41  Siege Tank  
  109  13:42  Sensor Tower  
  109  13:43  Medivac x2  
  116  13:54  Sensor Tower  
  116  13:57  Marauder x2, Marine x2  
  118  14:45  Supply Depot  
  118  14:46  Supply Depot  
  118  14:47  Orbital Command  
  118  14:49  Supply Depot  
  118  14:52  Supply Depot x2  
  118  14:53  Supply Depot  
  118  15:06  Liberator, Engineering Bay, Marine x4  
  118  15:07  Engineering Bay  
  125  15:08  Liberator, Siege Tank  
  131  15:24  Marine  
  132  15:42  Refinery  
  132  15:49  Liberator  
  135  16:03  Missile Turret  
  135  16:05  Sensor Tower  
  135  16:06  Missile Turret  
  135  16:08  Sensor Tower  
  125  16:36  Marauder x4  
  125  16:38  Marine x2  
  135  16:40  Siege Tank  
  138  16:55  Marine  
  138  16:56  Marine  
  138  16:57  Marauder x4  
  148  17:13  Marine  
  148  17:14  Marine  
  150  17:26  Orbital Command  
  150  17:38  Supply Depot  
  150  17:39  Supply Depot  
  150  17:49  Marine x2  
  150  17:51  Marine x3  
  150  17:52  Marine  
Show
View Real Time Build Order
Export as new Build Order

RantingLad Terran - Winner!

Build Orders:  

Get SALT Encoding   

  12  0:03  SCV  
  13  0:36  Refinery  
  13  0:37  Supply Depot  
  13  0:38  SCV  
  13  0:40  Refinery  
  14  0:50  SCV  
  15  1:01  Barracks  
  15  1:02  SCV  
  16  1:14  SCV  
  17  1:20  Supply Depot  
  17  1:26  SCV  
  18  1:38  SCV  
  19  1:48  Supply Depot  
  19  1:50  Factory  
  19  1:52  Marine  
  20  2:08  SCV  
  21  2:15  Supply Depot  
  21  2:16  Marine  
  21  2:20  SCV  
  23  2:32  SCV  
  23  2:35  Starport  
  24  2:38  Factory Tech Lab  
  24  2:49  Orbital Command  
  24  3:13  Fusion Core, Starport Tech Lab  
  24  3:15  Marine  
  24  3:19  SCV  
  26  3:33  Marine  
  27  3:45  Engineering Bay  
  27  3:50  Marine  
  27  3:55  Siege Tank  
  31  4:01  Battlecruiser  
  37  4:08  Marine  
  38  4:12  Missile Turret  
  38  4:33  Missile Turret  
  38  4:40  Widow Mine  
  38  4:43  Command Center  
  38  4:45  SCV  
  41  4:56  Missile Turret  
  41  4:59  SCV  
  42  5:01  Widow Mine  
  42  5:04  Barracks Tech Lab  
  44  5:11  SCV  
  45  5:17  Viking  
  45  5:19  Missile Turret  
  47  5:44  Supply Depot  
  47  5:45  Supply Depot  
  47  5:55  SCV, Siege Tank, Marine  
  52  6:01  Missile Turret  
  52  6:07  Missile Turret  
  52  6:13  SCV, Refinery, Marine  
  54  6:27  SCV x2, Starport  
  54  6:29  Missile Turret  
  56  6:37  Bunker  
  56  6:42  SCV x2  
  58  6:51  Missile Turret  
  58  6:53  Cloaking Field  
  58  7:00  SCV x2  
  60  7:05  Starport  
  60  7:08  Missile Turret, Starport Tech Lab  
  60  7:09  Refinery  
  60  7:12  SCV x2  
  47  7:32  SCV x2  
  47  7:33  Banshee  
  47  7:34  Banshee  
  53  7:43  Bunker, Missile Turret  
  53  7:44  SCV x2  
  53  7:50  Siege Tank  
  58  7:54  Hyperflight Rotors  
  58  8:11  Starport Tech Lab  
  58  8:18  Starport  
  58  8:22  Siege Tank, Banshee  
  58  8:23  Banshee  
  67  8:45  Planetary Fortress  
  67  8:54  Command Center, Widow Mine  
  69  9:07  Supply Depot  
  69  9:08  Banshee  
  72  9:10  Banshee  
  72  9:16  Widow Mine  
  77  9:19  Armory  
  77  9:22  Supply Depot  
  77  9:29  Starport Tech Lab  
  77  9:30  Supply Depot  
  77  9:42  Siege Tank  
  80  9:46  SCV x2  
  82  10:02  Banshee  
  82  10:03  Banshee  
  88  10:08  Missile Turret, Planetary Fortress  
  88  10:14  Siege Tank  
  91  10:27  Marine  
  92  10:29  Banshee x2  
  92  10:34  Supply Depot  
  98  10:45  Marine  
  99  10:54  SCV  
  100  11:02  Marine  
  101  11:06  SCV  
  102  11:14  Terran Ship Weapons Level 1  
  102  11:16  Banshee  
  102  11:17  Banshee x2  
  111  11:19  SCV, Banshee  
  111  11:20  Marine  
  116  11:29  Widow Mine  
  116  11:31  SCV  
  116  11:43  SCV  
  111  11:51  Widow Mine  
  104  11:59  Banshee x2  
  104  12:00  Banshee  
  113  12:02  Banshee  
  116  12:12  Widow Mine  
  116  12:22  SCV  
  116  12:34  SCV  
  116  12:35  Siege Tank  
  117  12:42  Banshee x2  
  123  12:44  Refinery  
  123  12:46  Refinery  
  123  12:47  SCV  
  124  12:59  SCV, Command Center  
  124  13:04  Armory  
  124  13:05  Supply Depot  
  125  13:07  Supply Depot  
  125  13:08  Terran Vehicle And Ship Armor Level 1  
  125  13:14  Missile Turret  
  125  13:26  Banshee  
  125  13:27  SCV  
  129  13:36  Missile Turret  
  129  13:39  SCV  
  130  13:49  Banshee x3  
  139  14:01  Missile Turret  
  139  14:11  Banshee  
  136  14:24  Armory  
  136  14:31  Banshee  
  136  14:32  Banshee x2  
  136  14:35  Terran Ship Weapons Level 2  
  145  14:44  Hi-Sec Auto Tracking  
  145  14:53  Planetary Fortress, Banshee  
  148  15:00  Missile Turret  
  148  15:01  SCV  
  148  15:02  Missile Turret, Terran Vehicle Weapons Level 1  
  149  15:14  SCV  
  150  15:18  Supply Depot  
  150  15:21  Missile Turret  
  150  15:24  Missile Turret  
  150  15:26  SCV  
  151  15:35  Command Center  
  151  15:41  Neosteel Armor  
  151  15:42  Missile Turret  
  151  15:46  Combat Shield  
  151  15:57  Barracks  
  151  15:58  Barracks  
  151  16:00  Barracks  
  151  16:05  Missile Turret  
  151  16:06  Missile Turret  
  151  16:07  Missile Turret  
  151  16:19  Banshee x2  
  151  16:20  Banshee  
  160  16:30  Missile Turret, Banshee  
  160  16:31  Missile Turret  
  163  16:39  Supply Depot  
  163  16:41  Supply Depot  
  163  16:47  Barracks Reactor x2  
  163  16:51  Missile Turret  
  163  16:59  Barracks Reactor  
  159  17:02  Banshee  
  159  17:05  Siege Tank  
  164  17:23  Refinery  
  164  17:25  SCV  
  164  17:26  Refinery  
  165  17:37  SCV  
  165  17:39  Marine x2  
  165  17:40  Marine x4  
  172  17:47  Supply Depot  
  172  17:49  SCV, Command Center  
  164  18:01  SCV  
Tags
 
League
GoldGold
Matchup
TvT
Race
Terran
Spawn Locations
Cross Positions
Add a new tag
Caveats
  • Supply blocks, unpowered buildings, or Contaminate may cause inaccurate times.
  • Supply counts are checked every 10 seconds.